 Dungeon Crawl Stone Soup version 0.27-a0-1299-g1ab19c6527 (webtiles) character file.

Game seed: 4668529126366582565

29 flotson the Sneak (level 3, -1/29 HPs)
             Began as a Demonspawn Delver on June 16, 2021.
             Slain by a lemure (4 damage)
             ... led by Pikel
             ... on level 4 of the Dungeon.
             The game lasted 00:02:51 (1649 turns).

flotson the Sneak (Demonspawn Delver)               Turns: 1649, Time: 00:02:52

Health: -1/29      AC:  3    Str: 13    XL:     3   Next: 1%
Magic:  3/3        EV: 12    Int: 11    God:
Gold:   104        SH:  0    Dex: 14    Spells: 2/2 levels left

rFire    . . .     SeeInvis .   m - +0 quarterstaff
rCold    . . .     Faith    .   (shield currently unavailable)
rNeg     . . .     Spirit   .   b - +0 leather armour
rPois    .         Reflect  .   (no helmet)
rElec    .         Harm     .   (no cloak)
rCorr    .         Rampage  .   (no gloves)
Will     .....                  (no boots)
Stlth    ++........             (no amulet)
HPRegen  0.09/turn              (no ring)
MPRegen  0.08/turn              (no ring)

@: no status effects
A: hooves 2
a: no special abilities


You were on level 4 of the Dungeon.
You visited 2 branches of the dungeon, and saw 6 of its levels.

You collected 104 gold pieces.

Inventory:

Hand Weapons
 a - a +0 hand axe
 m - a +0 quarterstaff (weapon)
Missiles
 d - 11 poisoned darts (quivered)
Armour
 b - a +0 leather armour (worn)
Jewellery
 i - a ring of resist corrosion
Wands
 g - a wand of digging (3)
Scrolls
 c - a scroll of fog
 e - a scroll of fear
 f - a scroll of enchant weapon {unknown}
 h - 6 scrolls of identify {unknown}
 j - a scroll of vulnerability {unknown}
 l - a scroll of noise {unknown}
Potions
 k - a potion of curing {unknown}


   Skills:
 + Level 3.2 Fighting
 + Level 2.0 Axes
 + Level 0.7 Throwing
 + Level 0.7 Armour
 + Level 2.0 Dodging
 - Level 4.5 Stealth
 + Level 0.9 Evocations


You had 2 spell levels left.
You didn't know any spells.
Your spell library was empty.

Dungeon Overview and Level Annotations

Branches:
Dungeon (5/15)             Temple (1/1) D:5

Altars:
Ashenzari
Cheibriados
Fedhas
Gozag
Hepliaklqana
Kikubaaqudgha
Makhleb
Nemelex Xobeh
Okawaru
Qazlal
Sif Muna
Wu Jian
Xom
Yredelemnul
Zin
The Shining One

Shops:
D:3 !

Annotations:
D:5 Pikel


Innate Abilities, Weirdness & Mutations

You have hoof-like feet.


Message History

You kill the worm!
You have reached level 3!
Your experience leads to an increase in your attributes!
Increase (S)trength, (I)ntelligence, or (D)exterity?
You feel stronger.
Your demonic ancestry asserts itself...
Your feet thicken and deform.
You now have 91 gold pieces (gained 7).
k - a silvery potion You now have enough gold to buy a potion of invisibility on this level.
You can access your shopping list by pressing '$'.
You now have 104 gold pieces (gained 13).
l - a scroll labelled DAUCERR RAUSCH
h - 6 scrolls labelled ILUMOO ROPOT (gained 1)
Found a quarterstaff.
You see here a +0 quarterstaff.
m - a +0 quarterstaff (weapon)
Found a stone staircase leading down.
Search for what [Enter for "gozag", or ? for help]?
Search for what [Enter for "gozag", or ? for help]?
There is a stone staircase leading down here.
You climb downwards.
The lemure hits you!
There is a stone staircase leading up, spattered with blood here.
You hit the lemure. You kick the lemure.
The lemure is moderately wounded.
The lemure hits you.
You hit the lemure but do no damage. Your kick misses the lemure.
The lemure is moderately wounded.
The lemure misses you. The lemure hits you!
* * * LOW HITPOINT WARNING * * *
You closely miss the lemure.
The lemure is moderately wounded.
The lemure hits you.
* * * LOW HITPOINT WARNING * * *
You closely miss the lemure.
The lemure is moderately wounded.
The lemure closely misses you.
You closely miss the lemure. You kick the lemure.
The lemure is moderately wounded.
The lemure hits you.
You die...

#........#
#####>...#
#.......####
##.##........
#.............
###...........
#...........
#.5.........
#@..........
#..........
#..........
##.########
... .... ....
....


You could see a lemure.

Vanquished Creatures
  2 worms
  2 orcs (D:3)
  A bat (D:1)
  A giant cockroach (D:1)
  2 goblins (D:1)
  2 hobgoblins (D:1)
  4 jackals
  3 kobolds
  A frilled lizard (D:2)
18 creatures vanquished.

Notes
Turn   | Place    | Note
-------+----------+-------------------------------------------
     0 | D:5      | flotson the Demonspawn Delver began the quest for the Orb.
     0 | D:5      | Reached XP level 1. HP: 18/18 MP: 1/1
    15 | D:5      | Found a staircase to the Ecumenical Temple.
    23 | Temple   | Entered the Ecumenical Temple
    56 | D:5      | Noticed a lemure
    78 | D:5      | Noticed a lemure
    78 | D:5      | Noticed an ogre
    79 | D:5      | Noticed a lemure
    79 | D:5      | Noticed a lemure
    80 | D:5      | Noticed Pikel
   134 | D:3      | Found Pucaleno's Distillery.
   339 | D:1      | Found a faded altar of an unknown god.
   720 | D:1      | Gained mutation: You have large cloven feet. [demonic
                  | ancestry]
   720 | D:1      | Reached XP level 2. HP: 16/24 MP: 2/2
  1445 | D:3      | Found an ancient bone altar of Kikubaaqudgha.
  1456 | D:3      | Gained mutation: You have hoof-like feet. [demonic
                  | ancestry]
  1456 | D:3      | Reached XP level 3. HP: 17/29 MP: 3/3
  1649 | D:4      | Slain by a lemure

Illustrated notes

Levels and vault maps discovered:
D:1:      grunt_arrival_lava_bath, layout_basic, ebering_ecumenical_altar_webs,
          solitary_fountain, serial_bayou_pond_a, minmay_misc_feat_square
D:2:      layout_loops_ring, basic_altar, uniq_robin
D:3:      layout_rooms, minitemple, serial_shops, shop, minivault_27,
          minmay_cupped, uniq_crazy_yiuf_cottage, uniq_ijyb
D:4:      layout_rooms
D:5:      layout_basic, nicolae_vehumet_altar_sigil, temple_green, minivault_5,
          uniq_pikel, uniq_eustachio
Temple:   lightli_temple_of_artemis

Skill      XL: |  1  2 |
---------------+-------+-----
Dodging        | 2 |  2.0
Axes           | 2 |  2.0
Fighting       | |  3.2
Throwing       | |  0.7
Armour         | |  0.7
Stealth        | |  4.5
Evocations     | |  0.9

Action                   || total
-------------------------++-------
Melee: Hand axe          ||    67
       Kick              ||    12
       Quarterstaff      ||     5
Throw: Dart              ||     5
  Use: Scroll            ||     2
       Potion            ||     1
 Stab: Sleeping          ||     2
Armor: Leather armour    ||    12
Dodge: Dodged            ||    63

Table legend: (Time is in decaauts)
 A = Elapsed time spent in this place.
 B = Non-inter-level travel time spent in this place.
 C = Inter-level travel time spent in this place.
 D = Time resting spent in this place.
 E = Time spent auto-exploring this place.
 F = Levels seen in this place.
 G = Mean time per level.
                   A        B        C        D        E       F      G
               +--------+--------+--------+--------+--------+-----+--------+
         Total |   1648 |   1495 |    153 |    139 |   1065 |   6 |  274.7 |
       Dungeon |   1620 |   1481 |    139 |    139 |   1065 |   5 |  324.0 |
        Temple |     27 |     13 |     14 |      0 |      0 |   1 |   27.0 |
               +--------+--------+--------+--------+--------+-----+--------+

Top non-repeatable levels by time:
     D:1: 604 daAuts
     D:3: 577 daAuts
     D:2: 344 daAuts
     D:5: 55 daAuts
     D:4: 39 daAuts
  Temple: 27 daAuts
